 Dungeon Crawl Stone Soup version 0.23.0-2-g0fe3ce5 (webtiles) character file.

Game seed: 13579246659374591679

63 Raclure the Conjurer (level 3, 0/27 HPs)
             Began as a Draconian Conjurer on Feb 19, 2019.
             Slain by a worm (10 damage)
             ... on level 2 of the Dungeon.
             The game lasted 00:13:22 (3067 turns).

Raclure the Conjurer (Draconian Conjurer)           Turns: 3067, Time: 00:13:23

Health: 0/27       AC:  5    Str: 10    XL:     3   Next: 87%
Magic:  1/6        EV: 12    Int: 16    God:
Gold:   73         SH:  0    Dex: 11    Spells: 3/6 levels left

rFire    . . .     SeeInvis .   a - +0 dagger
rCold    . . .     Gourm    .   (no shield)
rNeg     . . .     Faith    .   (armour unavailable)
rPois    .         Spirit   .   (helmet restricted)
rElec    .         Reflect  .   (no cloak)
rCorr    .         Harm     .   (no gloves)
MR       .....                  (no boots)
Stlth    ++........             (no amulet)
HPRegen  0.09/turn              (no ring)
MPRegen  0.10/turn              (no ring)

@: no status effects
A: unfitting armour, cold-blooded, AC +5
a: no special abilities


You were on level 2 of the Dungeon.
You were not hungry.

You visited 1 branch of the dungeon, and saw 2 of its levels.

You collected 73 gold pieces.

Inventory:

Hand Weapons
 a - a +0 dagger (weapon)
Missiles
 c - 40 stones (quivered)
 d - 34 bolts
Jewellery
 h - a cursed ring of attention {unknown}
Scrolls
 e - 2 scrolls of identify {unknown}
 g - a scroll of random uselessness {unknown}
 j - a scroll of fear {unknown}
Potions
 b - 2 potions of heal wounds {unknown}
 f - a potion of mutation {unknown}
 l - a potion of berserk rage {unknown}
Comestibles
 i - 3 rations
 k - a chunk of flesh


   Skills:
 + Level 0.4 Fighting
 + Level 2.1 Dodging
 + Level 2.0 Stealth
 + Level 2.4 Spellcasting
 + Level 4.9 Conjurations


You had 3 spell levels left.
You knew the following spells:

 Your Spells              Type           Power        Failure   Level  Hunger
a - Magic Dart            Conj           ###.         2%          1    #......
b - Searing Ray           Conj           ###...       4%          2    ###....

Your spell library contained the following spells:

 Spells                   Type           Power        Failure   Level  Hunger
 Animate Skeleton         Necr           N/A          21%         1    #......
 Apportation              Tloc           #.....       21%         1    #......
 Confusing Touch          Hex            #.....       21%         1    #......
 Summon Small Mammal      Summ           #...         21%         1    #......
 Dazzling Spray           Conj/Hex       #.....       22%         3    ###....
 Iskenderun's Mystic Bla  Conj           ###.....     26%         4    #####..
 Force Lance              Conj/Tloc      #.......     58%         4    #####..
 Fulminant Prism          Conj/Hex       #.........   58%         4    #####..


Dungeon Overview and Level Annotations

Branches:
Dungeon (2/15)

Altars:


Innate Abilities, Weirdness & Mutations

Your plain brown scales are hard. (AC +5)
You cannot fit into any form of body armour.
You are cold-blooded and may be slowed by cold attacks.


Message History

Your tail-slap misses the howler monkey skeleton.
The howler monkey skeleton is severely damaged.
The bat closely misses you.
The howler monkey skeleton closely misses you.
You completely miss the howler monkey skeleton.
The howler monkey skeleton is severely damaged.
The worm bites you. The bat hits you but does no damage.
The howler monkey skeleton closely misses you.
You hit the howler monkey skeleton.
The howler monkey skeleton is almost destroyed.
The bat hits you but does no damage. The howler monkey skeleton hits you.
The worm bites you.
You hit the howler monkey skeleton but do no damage.
The howler monkey skeleton is almost destroyed.
The bat hits you but does no damage.
The howler monkey skeleton barely misses you.
You hit the howler monkey skeleton.
The howler monkey skeleton is almost destroyed.
The bat hits you but does no damage. The worm bites you!
You die...

)..##...........
...##............#
...##............#
...##............#
...##............#
...'..[.....>..b.#
...##.รท..........#
...##..........w.#
...##..........Z@#
######...#########
######.#######
#........g....
#.#..#........
#..#$.....b. ...
#........ ###.
#........ #
#.......^


You could see a worm, a bat and a howler monkey skeleton.

Vanquished Creatures
  An adder (D:2)
  An ooze (D:2)
  A worm (D:2)
  2 dart slugs (D:1)
  2 leopard geckos (D:2)
  5 goblins
  7 hobgoblins
  4 jackals (D:1)
  A quokka (D:2)
  A ball python (D:2)
  3 bats (D:1)
  2 frilled lizards (D:2)
  5 kobolds (D:1)
  4 rats
39 creatures vanquished.

Notes
Turn   | Place    | Note
-------+----------+-------------------------------------------
     0 | D:1      | Raclure the Draconian Conjurer began the quest for the Orb.
     0 | D:1      | Reached XP level 1. HP: 14/14 MP: 3/3
   590 | D:1      | Reached XP level 2. HP: 20/20 MP: 0/5
  1429 | D:1      | Learned a level 2 spell: Searing Ray
  1605 | D:1      | Reached XP level 3. HP: 26/26 MP: 2/6
  3067 | D:2      | Slain by a worm

Skill      XL: |  1  2 |
---------------+-------+-----
Dodging        | 2 |  2.1
Stealth        | 2 |  2.0
Fighting       | |  0.4
Spellcasting   | |  2.4
Conjurations   | |  4.9

Action                   || total
-------------------------++-------
Melee: Dagger            ||    77
       Tailslap          ||     6
       Unarmed           ||     1
 Cast: Magic Dart        ||    40
       Searing Ray       ||    17
 Stab: Sleeping          ||     2
  Eat: Ration            ||     3
Armor: Skin              ||    58
Dodge: Dodged            ||   100
